 Dungeon Crawl Stone Soup version 0.32-a0-18-g89e19f1974 (webtiles) character file.

Game seed: 2617835444036400043

170 Xavori the Trooper (level 5, 0/40 HPs)
             Began as a Djinni Chaos Knight on Jan 16, 2024.
             Was a Plaything of Xom.
             Killed by nerve-wracking pain
             ... invoked by Grinder
              (13 damage)
             ... on level 4 of the Dungeon.
             The game lasted 00:02:56 (10774 turns).

Xavori the Trooper (Djinni Chaos Knight)           Turns: 10774, Time: 00:02:56

Health: 0/40       AC:  3    Str: 18    XL:     5   Next: 80%
Gold:   171        EV: 22    Int: 16    God:    Xom [..*...] SH:  0 Dex: 11

rFire   + + +        a - +0 falchion (chaos)
rCold   x . .        (no shield)
rNeg    . . .        b - +2 leather armour
rPois   ∞            (no helmet)
rElec   .            (no cloak)
rCorr   .            (no gloves)
SInv    .            (boots unavailable)
Will    .....        (no amulet)
Stlth   ++           m - +5 ring of evasion
HPRegen 0.26/turn    o - ring of Ewy Rist {rPois rF+ EV+5 Stlth+}
MPRegen 0.00/turn

%: infuse magic (-1 HP)
@: mighty, flying
A: sickness immunity, fire resistance 3, cold vulnerability 1, float, innate
caster, HP casting, extra vitality 1, claws 1, clever 1, deformed body, strong
2, wild magic 1, evolution 1, no potion heal 1, MP-powered wands
a: Renounce Religion


You were on level 4 of the Dungeon.
You worshipped Xom.
You were a toy of Xom.
You visited 1 branch of the dungeon, and saw 4 of its levels.

You collected 171 gold pieces.

Inventory:

Hand Weapons
 a - a +0 falchion of chaos (weapon)
Armour
 b - a +2 leather armour (worn)
Jewellery
 e - a +6 ring of intelligence
 m - a +5 ring of evasion (left claw)
 o - the ring of Ewy Rist (right claw) {rPois rF+ EV+5 Stlth+}
   (You found it on level 2 of the Dungeon)

   [ring of evasion]

   EV+5:      It affects your evasion (+5).
   rF+:       It protects you from fire.
   rPois:     It protects you from poison Stlth+: It makes you more stealthy.
Scrolls
 c - a scroll of butterflies
 f - a scroll of enchant armour {unknown}
 g - 2 scrolls of identify
 h - a scroll of brand weapon {unknown}
 j - 2 scrolls of teleportation
Potions
 d - a potion of cancellation {unknown}
 i - a potion of haste {unknown}
 k - a potion of might {unknown}
 l - 2 potions of lignification {unknown}
 n - a potion of curing {unknown}


   Skills:
 + Level 3.6 Fighting
 + Level 3.2 Long Blades
 + Level 2.1 Armour
 + Level 3.1 Dodging
 * Level 2.0 Spellcasting
 * Level 2.0 Conjurations
 * Level 2.0 Hexes
   Level 0.0 Charms
 * Level 2.0 Summonings
 * Level 2.0 Necromancy
 * Level 2.0 Translocations
   Level 0.0 Transmutations
 * Level 2.0 Fire Magic
 * Level 2.0 Ice Magic
 * Level 2.0 Air Magic
 * Level 2.0 Earth Magic
 * Level 2.0 Alchemy


You knew the following spells:

 Your Spells              Type           Power      Damage    Failure   Level
a - Freeze                Ice            40%        1d6       16%         1
b - Static Discharge      Conj/Air       20%        3-4/arc   22%         2
Your spell library was empty.

Dungeon Overview and Level Annotations

Branches:
Dungeon (4/15)
 Temple: D:4-7

Altars:
Xom

Shops:
D:3 *

Annotations:
D:4 Grinder


Innate Abilities, Weirdness & Mutations

You are immune to sickness and miasma.
You are immune to poison.
Your flesh is almost immune to the effects of heat. (rF+++)
You are vulnerable to cold. (rC-)
You float through the air rather than walking.
You learn spells naturally, not from books.
Your magical power is your life essence.
You have superior vitality. (+4 MHP)
You have sharp fingernails.
Your mind is acute. (Int +4, Str/Dex -1)
Armour fits poorly on your strangely shaped body.
Your muscles are very strong. (Str +8, Int/Dex -2)
Your spells are a little harder to cast, but a little more powerful.
You have hidden genetic potential.
Potions are less effective at restoring your health.
You expend health (3 HP) to strengthen your wands.


Message History

You writhe in agony.
The jelly hits you but does no damage.
Grinder says, "DUCK!"
Grinder gestures at you. Pain shoots through your body! The jelly hits you.
You are splashed with acid!
* * * LOW HITPOINT WARNING * * *
Grinder hits you.
* * * LOW HITPOINT WARNING * * *
You writhe in agony.
* * * LOW HITPOINT WARNING * * *
You can move again.
Unknown command.
Unknown command.
Unknown command.
The jelly attacks as it pursues you! The jelly completely misses you.
You aren't carrying any items that you can evoke.
As you read the scroll labelled POET GADYDUO, it crumbles to dust.
It is a scroll of identify.
j - 3 scrolls of teleportation Grinder blinks!
The jelly misses you.
As you read the scroll of teleportation, it crumbles to dust.
You feel strangely unstable. The jelly closely misses you.
Your surroundings suddenly seem different.
A hobgoblin comes into view.
Found a mace.
Found a stone staircase leading down.
The helpless hobgoblin fails to defend itself.
You slash the hobgoblin!
You kill the hobgoblin!
You see here a hobgoblin corpse.
You start resting.
Grinder is nearby!
Cast which spell? (? or * to list)
Okay, then.
Grinder shouts!
Grinder gestures at you. Pain shoots through your body!
You die...
Grinder says, "Hey, I wasn't done torturing you yet!"
Xom titters!

#.....†....########
#....)......#
#...........#
#...###########+#
#...### ####...#
#.....#..#....).#
#.....#..#†.....#
#.....#..#......#
#.....#..##@....#
#..J.##..##5....#
######...r##..##....>...
..........'§............
..........#†..######+##.
..####...###..# . #####
#..# ...............
...............


You could see Grinder.

Vanquished Creatures
  2 hounds (D:4)
  4 adders
  A dart slug (D:3)
  3 ribbon worms
  An orc (D:3)
  4 endoplasms
  4 giant cockroaches
  4 goblins
  6 hobgoblins
  12 jackals
  2 quokkas
  5 ball pythons
  2 bats (D:1)
  3 frilled lizards
  5 kobolds
  5 rats
63 creatures vanquished.

Notes
Turn   | Place    | Note
-------+----------+-------------------------------------------
     0 | D:1      | Xavori the Djinni Chaos Knight began the quest for the Orb.
     0 | D:1      | Reached XP level 1. HP: 20/20 MP: 0/0
    57 | D:1      | XOM: divination: detect creatures
    66 | D:1      | Reached XP level 2. HP: 20/25 MP: 0/0
    99 | D:1      | XOM: silly message
   313 | D:1      | Reached XP level 3. HP: 24/30 MP: 0/0
   313 | D:1      | Learned a level 1 spell: Freeze
   545 | D:1      | Reached skill level 1 in Spellcasting
   545 | D:1      | Reached skill level 1 in Conjurations
   545 | D:1      | Reached skill level 1 in Hexes
   545 | D:1      | Reached skill level 1 in Summonings
   545 | D:1      | Reached skill level 1 in Necromancy
   545 | D:1      | Reached skill level 1 in Translocations
   545 | D:1      | Reached skill level 1 in Fire Magic
   545 | D:1      | Reached skill level 1 in Ice Magic
   545 | D:1      | Reached skill level 1 in Air Magic
   545 | D:1      | Reached skill level 1 in Earth Magic
   545 | D:1      | Reached skill level 1 in Alchemy
   609 | D:1      | XOM: 1-stop teleportation journey
   757 | D:1      | XOM: give mutation
   757 | D:1      | Gained mutation: Potions are less effective at restoring
                  | your health. [Xom's mischief]
   952 | D:1      | XOM: give mutations
   952 | D:1      | Gained mutation: You are covered in fur. (AC +1) [Xom's
                  | mischief]
   952 | D:1      | Lost mutation: You are covered in fur. (AC +1) [Xom's
                  | mischief]
  1706 | D:1      | XOM: god gift: 5 stones
  1830 | D:1      | XOM: summons 1 hostile demon
  2237 | D:1      | XOM: summons 2 hostile demons
  2510 | D:2      | XOM: cloud trail
  2650 | D:1      | XOM: divination: magic mapping
  3676 | D:1      | XOM: silly message
  4806 | D:1      | XOM: silly message
  5086 | D:1      | XOM: 2-stop teleportation journey
  6137 | D:1      | XOM: scenery: summon butterflies
  6159 | D:1      | XOM: divination: detect creatures
  6175 | D:1      | XOM: give mutations
  6175 | D:1      | Gained mutation: Your spells are a little harder to cast,
                  | but a little more powerful. [Xom's grace]
  6175 | D:1      | Gained mutation: You expend health (3 HP) to strengthen
                  | your wands. [Xom's grace]
  7485 | D:1      | XOM: scenery: create altars
  7591 | D:1      | XOM is BORED!
  7591 | D:1      | XOM: summons 2 hostile demons
  8380 | D:1      | XOM: draining
  8615 | D:1      | XOM: give mutations
  8615 | D:1      | Gained mutation: Your muscles are strong. (Str +4, Int/Dex
                  | -1) [Xom's grace]
  8615 | D:1      | Gained mutation: Your flesh is almost immune to the effects
                  | of heat. (rF+++) [Xom's grace]
  8615 | D:1      | Gained mutation: You have hidden genetic potential. [Xom's
                  | grace]
  8615 | D:1      | Gained mutation: You are strong-willed. (Will+) [Xom's
                  | grace]
  8908 | D:1      | XOM: give mutations
  8908 | D:1      | Gained mutation: You have sharp fingernails. [Xom's grace]
  8908 | D:1      | Gained mutation: Your muscles are very strong. (Str +8,
                  | Int/Dex -2) [Xom's grace]
  9024 | D:1      | XOM: scenery: summon butterflies
  9120 | D:2      | XOM: give mutations
  9120 | D:2      | Lost mutation: You are strong-willed. (Will+) [Xom's
                  | mischief]
  9120 | D:2      | Gained mutation: Armour fits poorly on your strangely
                  | shaped body. [Xom's mischief]
  9216 | D:2      | XOM: confuse monster(s)
  9261 | D:2      | Found a faded altar of an unknown god.
  9422 | D:2      | XOM: enchant monster (good)
  9436 | D:2      | Reached XP level 4. HP: 15/33 MP: 0/0
  9543 | D:2      | Identified the ring of Ewy Rist {rPois rF+ EV+5 Stlth+}
  9959 | D:3      | XOM: noise
  9960 | D:3      | XOM: potion effect (brilliance)
 10147 | D:3      | XOM: cloud trail
 10164 | D:3      | Found Isegiu's General Store.
 10486 | D:3      | XOM: confuse monster(s)
 10578 | D:3      | Reached XP level 5. HP: 36/40 MP: 0/0
 10578 | D:3      | Learned a level 2 spell: Static Discharge
 10682 | D:4      | Gained mutation: Your mind is acute. (Int +4, Str/Dex -1)
                  | [hidden potential]
 10740 | D:4      | XOM: silly message
 10741 | D:4      | Noticed Grinder
 10749 | D:4      | XOM: potion effect (might)
 10749 | D:4      | Paralysed by Grinder for 4 turns
 10774 | D:4      | Killed from afar by Grinder

Illustrated notes

Levels and vault maps discovered:
D:1:      minmay_arrival_semitransparent, layout_basic, minmay_cupped
D:2:      layout_basic, chequers_ecumenical_altar_simple,
          minmay_misc_feat_secret_circle, amcnicky_mini_pool_small,
          kennysheep_cross_bottleneck, minmay_misc_feat_chi
D:3:      layout_rooms, serial_shops, shop, kennysheep_generic_room_12
D:4:      layout_gridville, minmay_temple_entry_sparse_star,
          uniq_crazy_yiuf_cottage, uniq_natasha, uniq_grinder

Skill      XL: |  1  2  3  4  5 |
---------------+----------------+-----
Spellcasting   | 1 2 |  2.0
Conjurations   | 1 2 |  2.0
Hexes          | 1 2 |  2.0
Summonings     | 1 2 |  2.0
Necromancy     | 1 2 |  2.0
Translocations | 1 2 |  2.0
Fire Magic     | 1 2 |  2.0
Ice Magic      | 1 2 |  2.0
Air Magic      | 1 2 |  2.0
Earth Magic    | 1 2 |  2.0
Alchemy        | 1 2 |  2.0
Long Blades    | 3 |  3.2
Armour         | 2 |  2.1
Dodging        | 3 |  3.1
Fighting       | |  3.6

Action                     |  1- 3 |  4- 6 || total
---------------------------+-------+-------++-------
  Melee: Falchion          |    93 |    91 ||   184
         Punch             |       |     1 ||     1
    Use: Scroll            |       |     2 ||     2
   Stab: Sleeping          |     3 |     1 ||     4
         Confused          |     1 |       ||     1
         Petrifying        |     1 |       ||     1
         Paralysed         |       |     1 ||     1
 Armour: Leather armour    |    75 |    36 ||   111
  Dodge: Dodged            |    69 |   137 ||   206

Table legend: (Time is in decaauts)
 A = Elapsed time spent in this place.
 B = Non-inter-level travel time spent in this place.
 C = Inter-level travel time spent in this place.
 D = Time resting spent in this place.
 E = Time spent auto-exploring this place.
 F = Levels seen in this place.
 G = Mean time per level.
                   A        B        C        D        E       F      G
               +--------+--------+--------+--------+--------+-----+--------+
         Total |  10804 |  10659 |    145 |   8428 |   1778 |   4 | 2701.0 |
       Dungeon |  10804 |  10659 |    145 |   8428 |   1778 |   4 | 2701.0 |
               +--------+--------+--------+--------+--------+-----+--------+

Top non-repeatable levels by time:
     D:1: 8222 daAuts
     D:2: 1750 daAuts
     D:3: 711 daAuts
     D:4: 120 daAuts
